 Dungeon Crawl Stone Soup version 0.22.1-2-g9c5b331383 (webtiles) character file.

853 Cykl0x the Chopper (level 8, -6/48 HPs)
             Began as a Gargoyle Fighter on Dec 18, 2018.
             Was an Initiate of Okawaru.
             Mangled by an ogre
             ... wielding a +0 giant club
              (24 damage)
             ... on level 5 of the Dungeon.
             The game lasted 00:08:57 (4311 turns).

Cykl0x the Chopper (Gargoyle Fighter)               Turns: 4311, Time: 00:08:57

Health: -6/48      AC: 15    Str: 22    XL:     8   Next: 1%
Magic:  8/8        EV:  6    Int:  8    God:    Okawaru [......]
Gold:   196        SH: 10    Dex: 10    Spells: 7/7 levels left

rFire    . . .     SeeInvis .   a - +0 war axe
rCold    . . .     Gourm    .   c - +0 shield
rNeg     + . .     Faith    .   j - +0 chain mail
rPois    ∞         Spirit   .   (no helmet)
rElec    +         Reflect  .   (no cloak)
rCorr    .         Harm     .   (no gloves)
MR       .....                  (no boots)
Stlth    ..........             (no amulet)
HPRegen  0.16/turn              (no ring)
MPRegen  0.11/turn              (no ring)

@: no status effects
A: negative energy resistance 1, electricity resistance, unbreathing,
petrification resistance, rot immunity, AC +5
a: Renounce Religion


You were on level 5 of the Dungeon.
You worshipped Okawaru.
Okawaru was noncommittal.
You were not hungry.

You visited 2 branches of the dungeon, and saw 6 of its levels.

You collected 196 gold pieces.

Inventory:

Hand Weapons
 a - a +0 war axe (weapon)
Missiles
 h - 162 stones (quivered)
 s - 3 silver tomahawks
Armour
 b - a +0 scale mail
 c - a +0 shield (worn)
 j - a +0 chain mail (worn)
 o - a +2 leather armour of positive energy
Jewellery
 q - an uncursed ring of positive energy {unknown}
Wands
 e - a wand of polymorph (2)
 n - a wand of random effects (43)
Scrolls
 g - a scroll of teleportation
 m - a scroll of blinking
 p - a scroll of amnesia
Potions
 d - 3 potions of might
 k - a potion of flight
 l - a potion of brilliance
Comestibles
 f - 4 rations


   Skills:
 + Level 4.7 Fighting
 + Level 5.6 Axes
 + Level 0.1 Throwing
 + Level 4.9 Armour
 + Level 0.8 Dodging
 + Level 0.1 Stealth
 + Level 5.5 Shields


You had 7 spell levels left.
You didn't know any spells.
Your spell library was empty.

Dungeon Overview and Level Annotations

Branches:
Dungeon (5/15)             Temple (1/1) D:4

Altars:
Ashenzari
Cheibriados
Dithmenos
Elyvilon
Fedhas
Gozag
Hepliaklqana
Kikubaaqudgha
Makhleb
Nemelex Xobeh
Okawaru
Qazlal
Ru
Sif Muna
Trog
Uskayaw
Vehumet
Wu Jian
Xom
Yredelemnul
Zin


Innate Abilities, Weirdness & Mutations

You are resistant to torment.
Your stone body is resilient. (AC +5)
You are immune to poison.
You resist negative energy. (rN+)
You are resistant to electric shocks. (rElec)
You can survive without breathing.
You are immune to petrification.
You are immune to rotting.


Message History

The ogre is severely wounded.
You block the ogre's attack. The ogre barely misses you.
Evoke which item? (* to show all) (? for menu, Esc to quit)
Aiming: Polymorph
Press: ? - help, Shift-Dir - straight line, f/p - ogre
Aim: an ogre, wielding a giant club (severely wounded, chance to defeat MR: The ogre resists with some effort.
Evoke which item? (* to show all) (? for menu, Esc to quit)
Aiming: Polymorph
Press: ? - help, Shift-Dir - straight line, f/p - ogre
Aim: an ogre, wielding a giant club (severely wounded, chance to defeat MR: The ogre resists with some effort.
The ogre completely misses you.
You hit the ogre.
The ogre is almost dead.
The ogre barely misses you.
You hit the ogre.
The ogre is almost dead.
The ogre hits you with a giant club!!
Ouch! That really hurt!
You die...

#.#<....# #.#
###.#####.# #.#
#.......#.####.#
#.#.###.#......#
#.#...#.########
#.###.#.#
#.....#.#
..#######.#
(...(.O@..#
.##########


You could see an ogre.

Vanquished Creatures
  Grinder (D:4)
  Edmund (D:4)
  A phantom (D:5)
  A scorpion (D:4)
  A howler monkey (D:4)
  A hound (D:4)
  A jelly (D:4)
  Jessica (D:3)
  Ijyb (D:3)
  Terence (D:3)
  2 orc wizards (D:4)
  A worker ant (D:4)
  A worker ant zombie (D:3)
  6 adders
  4 worms
  2 dart slugs
  4 leopard geckos
  5 orcs
  2 bat zombies (D:2)
  6 giant cockroaches
  11 goblins
  10 hobgoblins
  8 jackals
  3 kobolds (D:1)
  2 quokkas (D:2)
  3 ball pythons
  5 bats
  8 frilled lizards
  A jackal skeleton (D:4)
  8 rats
  A rat zombie (D:2)
103 creatures vanquished.

Notes
Turn   | Place    | Note
-------+----------+-------------------------------------------
     0 | D:1      | Cykl0x the Gargoyle Fighter began the quest for the Orb.
     0 | D:1      | Reached XP level 1. HP: 14/14 MP: 1/1
    56 | D:1      | Reached XP level 2. HP: 19/19 MP: 2/2
   516 | D:1      | Reached XP level 3. HP: 22/23 MP: 3/3
  1353 | D:2      | Reached XP level 4. HP: 29/29 MP: 4/4
  1507 | D:2      | Found an ancient bone altar of Kikubaaqudgha.
  1797 | D:3      | Noticed Ijyb
  1801 | D:3      | Noticed Jessica
  1820 | D:3      | Killed Ijyb
  1835 | D:3      | Killed Jessica
  1835 | D:3      | Reached XP level 5. HP: 28/33 MP: 5/5
  1932 | D:3      | Noticed Terence
  1945 | D:3      | Killed Terence
  2641 | D:4      | Reached XP level 6. HP: 21/38 MP: 6/6
  2919 | D:4      | Noticed Edmund
  2950 | D:4      | Killed Edmund
  2950 | D:4      | Reached XP level 7. HP: 17/44 MP: 7/7
  3183 | D:4      | Reached skill level 5 in Axes
  3185 | D:4      | Reached skill level 5 in Shields
  3276 | D:4      | Found a staircase to the Ecumenical Temple.
  3282 | Temple   | Entered the Ecumenical Temple
  3304 | Temple   | Became a worshipper of Warmaster Okawaru
  3675 | D:4      | Noticed Grinder
  3686 | D:4      | Paralysed by Grinder for 2 turns
  3719 | D:4      | Paralysed by Grinder for 7 turns
  3750 | D:5      | Entered Level 5 of the Dungeon
  4216 | D:4      | Killed Grinder
  4216 | D:4      | Reached XP level 8. HP: 48/48 MP: 8/8
  4311 | D:5      | Mangled by an ogre

Skill      XL: |  1  2  3  4  5  6  7 |
---------------+----------------------+-----
Axes           | 2 3 4 5 |  5.6
Shields        | 4 5 |  5.5
Armour         | 4 |  4.9
Fighting       | 4 |  4.7
Throwing       | |  0.1
Dodging        | |  0.8
Stealth        | |  0.1

Action                   |  1- 3 |  4- 6 |  7- 9 || total
-------------------------+-------+-------+-------++-------
Melee: War axe           |   129 |   229 |   132 ||   490
       Unarmed           |       |       |     3 ||     3
Throw: Javelin           |       |     2 |     3 ||     5
Evoke: Wand              |       |       |     3 ||     3
  Use: Scroll            |     2 |     6 |     2 ||    10
       Potion            |       |     1 |     1 ||     2
  Eat: Chunk             |     2 |     5 |     2 ||     9
       Ration            |       |       |     1 ||     1
Armor: Scale mail        |    42 |       |       ||    42
       Chain mail        |    22 |   161 |    63 ||   246
       Skin              |       |       |     2 ||     2
Dodge: Dodged            |    41 |    51 |    27 ||   119
Block: Shield            |    86 |   134 |    75 ||   295
